 Dungeon Crawl Stone Soup version 0.19.0-19-g8c6edcc (webtiles) character file.

6212 scalarboson the Cleaver (level 11, -10/83 HPs)
             Began as a Formicid Fighter on Nov 15, 2016.
             Was a Priest of Okawaru.
             Mangled by a hill giant
             ... wielding a +0 giant club
              (22 damage)
             ... on level 10 of the Dungeon.
             The game lasted 00:26:49 (10824 turns).

scalarboson the Cleaver (Formicid Fighter)         Turns: 10824, Time: 00:26:49

Health: -10/83     AC: 17    Str: 29    XL:     11   Next: 14%
Magic:  10/12      EV: 11    Int:  8    God:    Okawaru [***...]
Gold:   545        SH: 23    Dex: 10    Spells: 0 memorised, 10 levels left

rFire  . . .     SeeInvis +     C - +0 battleaxe
rCold  . . .     Gourm    .     j - +0 plate armour
rNeg   . . .     Faith    .     c - +4 shield
rPois  .         Spirit   .     (helmet unavailable)
rElec  .         Reflect  +     (no cloak)
rCorr  .         Harm     .     r - +0 pair of gloves (curse)
MR     ++...                    (no boots)
Stlth  ..........               y - +5 amulet of reflection
                                (no ring)
                                p - ring of protection from magic

@: mighty, heroism
A: permanent stasis, dig shafts and tunnels, four strong arms, antennae 3
a: Dig, Shaft Self, Heroism, Renounce Religion


You were on level 10 of the Dungeon.
You worshipped Okawaru.
Okawaru was most pleased with you.
You were not hungry.

You visited 2 branches of the dungeon, and saw 11 of its levels.

You collected 545 gold pieces.

Inventory:

Hand Weapons
 g - a +2 antimagic hand axe
 C - a +0 battleaxe (weapon)
Armour
 c - a +4 shield (worn)
 j - a +0 plate armour (worn)
 r - a cursed +0 pair of gloves (worn)
 B - a +0 ring mail of cold resistance
Jewellery
 d - an uncursed ring of protection from fire
 p - a ring of protection from magic (left hand)
 y - a +5 amulet of reflection (around neck)
 H - an uncursed amulet of regeneration {unknown}
Wands
 l - a wand of enslavement (16/24)
 m - a wand of teleportation (2/9)
 n - a wand of enslavement (11/24)
 o - a wand of flame (20/48)
 q - a wand of acid (5/15)
 D - a wand of disintegration (9/24)
 G - a wand of polymorph (9/24)
 I - a wand of teleportation (3/9)
Scrolls
 e - 9 scrolls of remove curse
 k - 10 scrolls of identify
 t - a scroll of enchant weapon
 w - 2 scrolls of fog
 x - 4 scrolls of recharging
 A - a scroll of torment
Potions
 b - a potion of curing
 s - 2 potions of flight
 u - a potion of brilliance
Books
 v - a book of Callings

   Spells                             Type                      Level
   a - Summon Small Mammal            Summoning                    1
   b - Call Imp                       Summoning                    2
   c - Call Canine Familiar           Summoning                    3
   d - Summon Guardian Golem          Hexes/Summoning              3
   e - Summon Lightning Spire         Summoning/Air                4
   f - Summon Ice Beast               Ice/Summoning                4
 z - a book of Frost

   Spells                             Type                      Level
   a - Freeze                         Ice                          1
   b - Throw Frost                    Conjuration/Ice              2
   c - Ozocubu's Armour               Charms/Ice                   3
   d - Throw Icicle                   Conjuration/Ice              4
   e - Summon Ice Beast               Ice/Summoning                4
Comestibles
 a - 2 beef jerkies
 f - 12 bread rations
 h - a royal jelly
 i - a meat ration
 F - 2 chunks of flesh
 J - 4 fruits


   Skills:
 + Level 6.7(11.7) Fighting
 + Level 10.6(15.6) Axes
 + Level 7.3(12.3) Armour
 + Level 3.1(8.1) Dodging
 - Level 1.1(6.1) Stealth
 + Level 10.5(15.5) Shields
 + Level 1.6 Invocations


You had 10 spell levels left.
You didn't know any spells.

Dungeon Overview and Level Annotations

Branches:
Dungeon (10/15)            Temple (1/1) D:5             Orc (0/2) D:10
   Lair: D:8-11

Altars:
Ashenzari
Cheibriados
Dithmenos
Elyvilon
Fedhas
Gozag
Hepliaklqana
Kikubaaqudgha
Makhleb
Nemelex Xobeh
Okawaru
Qazlal
Ru
Sif Muna
Trog
Uskayaw
Vehumet
Xom
Yredelemnul
Zin
The Shining One


Innate Abilities, Weirdness & Mutations

You are under a permanent stasis effect.
You can dig through walls and to a lower floor.
Your four strong arms can wield two-handed weapons with a shield.
You have a pair of large antennae on your head. (SInv)


Message History

The troll zombie closely misses you.
Unknown command.
You completely miss the troll zombie.
The troll zombie is heavily damaged.
You slice the troll zombie!!
You destroy the troll zombie!
Okawaru accepts your kill.
Unknown command.
You feel like a meek peon again. The gnoll barely misses you.
The hill giant hits you with a giant club!!
You block the gnoll's attack.
Unknown command.
The gnoll shaman calls upon its god to speed up something.
You feel very mighty all of a sudden.
The hill giant hits you with a giant club!
* * * LOW HITPOINT WARNING * * *
You gain the combat prowess of a mighty hero.
The hill giant hits you with a giant club!!
You die...

#........#
#.........#
#.########
#########.#
##.###.#### #.#
...........### #.#
......###.....#
#.# .....
##.###.#### #.#
...#####..# #....#
#.#
8......##.###.##.#
#..
.......#.gggC@# .#
###
.W....{#.##รท###
.# ......Z.{##.#
.# >..?..8{Z##.#
.# ........###.#
.# Z......####.#
.# ....... #...#
8...... #.###
...#### #.#
#########


You could see a hill giant, a gnoll shaman and 2 gnolls.

Vanquished Creatures
  Joseph (D:7)
  A komodo dragon (D:10)
  Prince Ribbit (D:5)
  A two-headed ogre (D:10)
  A hornet (D:8)
  2 hippogriffs
  A spriggan (D:8)
  3 hungry ghosts
  3 orc warriors
  2 ice beasts
  2 sky beasts
  2 phantoms
  2 centaurs
  The ghost of Snicker the Sneak, an amateur DsAs (D:4)
  5 ogres
  2 bullfrogs
  3 scorpions
  A troll zombie (D:10)
  9 wights
  The ghost of SirKenneth the Shooter, a weakling CeAM (D:3)
  4 howler monkeys
  9 crimson imps
  5 hounds
  4 orc priests
  2 jellies
  A bullfrog skeleton (D:10)
  11 orc wizards
  3 iguanas
  4 worker ants
  7 ogre zombies (D:10)
  A hound skeleton (D:9)
  Robin (D:2)
  13 gnolls
  A howler monkey skeleton (D:4)
  7 adders
  5 shadow imps
  An ooze (D:6)
  An adder skeleton (D:5)
  5 worms
  3 dart slugs
  4 leopard geckos
  27 orcs
  8 giant cockroaches
  17 goblins
  13 hobgoblins
  2 jackals (D:8)
  7 quokkas
  2 ball pythons
  5 bats
  4 frilled lizards
  A goblin zombie (D:10)
  3 hobgoblin skeletons (D:10)
  3 hobgoblin zombies (D:10)
  A jackal skeleton (D:4)
  2 kobolds (D:1)
  2 orc skeletons (D:10)
  13 orc zombies (D:10)
  6 rats
252 creatures vanquished.

Vanquished Creatures (others)
  A centaur (D:10)
  An orc (D:4)
  2 goblins (D:3)
  A quokka (D:6)
5 creatures vanquished.

Grand Total: 257 creatures vanquished

Notes
Turn   | Place    | Note
-------+----------+-------------------------------------------
     0 | D:1      | scalarboson the Formicid Fighter began the quest for the Orb.
     0 | D:1      | Reached XP level 1. HP: 18/18 MP: 1/1
    70 | D:1      | Reached XP level 2. HP: 18/24 MP: 2/2
   335 | D:1      | Reached XP level 3. HP: 29/29 MP: 3/3
   490 | D:2      | Noticed Robin
   503 | D:2      | Killed Robin
   940 | D:2      | Reached XP level 4. HP: 36/37 MP: 4/4
  1132 | D:2      | Found a faded altar of an unknown god.
  1594 | D:3      | Noticed SirKenneth's ghost (weakling CeAM)
  1615 | D:3      | Killed SirKenneth's ghost
  1615 | D:3      | Reached XP level 5. HP: 26/42 MP: 1/5
  1998 | D:3      | Noticed an orc warrior
  2012 | D:3      | HP: 1/42 [orc warrior/morningstar (7)]
  2014 | D:3      | You fall through a shaft for 3 floors!
  2347 | D:5      | Entered Level 5 of the Dungeon
  2415 | D:3      | Reached XP level 6. HP: 48/48 MP: 2/6
  2896 | D:3      | Found a sparkling altar of Nemelex Xobeh.
  2896 | D:3      | Found a glowing golden altar of the Shining One.
  3757 | D:4      | Reached skill level 5 in Shields
  3767 | D:4      | Reached skill level 5 in Armour
  3767 | D:4      | Reached skill level 1 in Dodging
  3768 | D:4      | Reached XP level 7. HP: 53/54 MP: 2/7
  4264 | D:4      | Noticed Snicker's ghost (amateur DsAs)
  4283 | D:4      | Killed Snicker's ghost
  4283 | D:4      | Reached skill level 5 in Axes
  4725 | D:4      | Reached XP level 8. HP: 57/61 MP: 2/8
  5236 | D:5      | Noticed Prince Ribbit
  5273 | D:5      | Killed Prince Ribbit
  5273 | D:5      | Reached skill level 1 in Stealth
  5845 | D:5      | Found a staircase to the Ecumenical Temple.
  5851 | Temple   | Entered the Ecumenical Temple
  6246 | D:5      | Reached XP level 9. HP: 67/67 MP: 3/9
  6611 | D:6      | Found a white marble altar of Elyvilon.
  6755 | D:7      | Reached skill level 5 in Fighting
  6993 | D:7      | Found an iron altar of Okawaru.
  7000 | D:7      | Found a blossoming altar of Fedhas.
  7000 | D:7      | Found an opulent altar of Gozag.
  7003 | D:7      | Became a worshipper of Warmaster Okawaru
  7295 | D:7      | Noticed Joseph
  7322 | D:7      | Killed Joseph
  7322 | D:7      | Reached * piety under Okawaru
  8125 | D:7      | Noticed a hippogriff
  8140 | D:7      | Killed a hippogriff
  8204 | D:7      | Reached ** piety under Okawaru
  8249 | D:7      | Reached XP level 10. HP: 48/75 MP: 3/10
  8854 | D:8      | Reached skill level 1 in Invocations
  9779 | D:9      | Reached *** piety under Okawaru
 10070 | D:9      | Reached skill level 10 in Shields
 10365 | D:10     | Entered Level 10 of the Dungeon
 10408 | D:10     | Reached skill level 10 in Axes
 10570 | D:10     | Found a staircase to the Orcish Mines.
 10614 | D:10     | Reached XP level 11. HP: 59/83 MP: 12/12
 10808 | D:10     | Noticed a hill giant
 10824 | D:10     | Mangled by a hill giant

Skill      XL: |  1  2  3  4  5  6  7  8  9 10 |
---------------+-------------------------------+-----
Shields        | 4 5 7 8 10 | 10.5
Axes           | 3 4 5 6 8 10 | 10.6
Armour         | 4 5 6 7 |  7.3
Fighting       | 4 5 6 |  6.7
Dodging        | 1 2 3 |  3.1
Stealth        | 1 |  1.1
Invocations    | 1 |  1.6

Action                   |  1- 3 |  4- 6 |  7- 9 | 10-12 || total
-------------------------+-------+-------+-------+-------++-------
Melee: War axe           |    63 |       |       |       ||    63
       Hand axe          |       |   245 |   493 |   148 ||   886
       Battleaxe         |       |       |       |   239 ||   239
Invok: Heroism           |       |       |     2 |    10 ||    12
 Abil: Shaft Self        |       |     1 |       |       ||     1
  Use: Potion            |     1 |     6 |     9 |     4 ||    20
       Scroll            |       |     9 |     4 |     6 ||    19
 Stab: Invisible         |       |       |     1 |       ||     1
  Eat: Chunk             |       |     9 |     7 |    11 ||    27
       Meat ration       |       |       |     1 |     1 ||     2
       Bread ration      |       |       |     1 |       ||     1
       Royal jelly       |       |       |       |     1 ||     1
       Fruit             |       |       |       |     1 ||     1
Armor: Scale mail        |    22 |    46 |    52 |       ||   120
       Plate armour      |       |       |    19 |    87 ||   106
       Ring mail         |       |       |    14 |       ||    14
Dodge: Dodged            |    30 |    51 |   101 |    56 ||   238
Block: Shield            |    35 |   151 |   314 |   292 ||   792
       Reflection        |       |    15 |    10 |     6 ||    31
